 Dungeon Crawl Stone Soup version 0.28-b1-25-g9875b3fc8c (webtiles) character file.

Game seed: 11779733170099009429

27074 Lathuz the Basher (level 13, -4/84 HPs)
             Began as a Gargoyle Fighter on Feb 4, 2022.
             Was an Elder of the Shining One.
             Slain by a boulder beetle (19 damage)
             ... on level 3 of the Lair of Beasts.
             The game lasted 01:00:40 (20384 turns).

Lathuz the Basher (Gargoyle Fighter)               Turns: 20384, Time: 01:00:40

Health: -4/84      AC: 30    Str: 23    XL:     13   Next: 30%
Magic:  13/13      EV:  7    Int: 11    God:    the Shining One [****..]
Gold:   934        SH:  6    Dex:  9    Spells: 12/12 levels left

rFire   + . .      SeeInvis .   a - +0 eveningstar (flame)
rCold   . . .      Faith    .   c - +0 buckler
rNeg    + + +      Spirit   .   f - +0 plate armour
rPois   ∞          Reflect  .   (helmet restricted)
rElec   +          Harm     .   e - +0 cloak
rCorr   .          Rampage  .   x - +0 pair of gloves
Will    .....                   b - +0 pair of boots
Stlth   ..........              (no amulet)
HPRegen 0.24/turn               g - ring of protection from fire
MPRegen 0.13/turn               U - +4 ring of slaying

@: glowing, studying Stealth
A: sickness immunity, AC +9, negative energy resistance 1, electricity
resistance, torment resistance 1, petrification resistance, horns 1, shaggy fur
1, subdued magic 1, MP-powered wands
a: Renounce Religion, Divine Shield, Cleansing Flame


You were on level 3 of the Lair of Beasts.
You worshipped the Shining One.
The Shining One was greatly pleased with you.
You visited 2 branches of the dungeon, and saw 15 of its levels.

You collected 1084 gold pieces.
You spent 150 gold pieces at shops.

Inventory:

Hand Weapons
 a - a +0 eveningstar of flaming (weapon)
 k - the +8 mace of Ruination {venom, rElec Will+}
   (You found it on level 6 of the Dungeon)

   It poisons the flesh of those it strikes.
   rElec:     It insulates you from electricity.
   Will:      It increases your willpower.
 y - a +3 morningstar of venom
Missiles
 d - a throwing net
 r - 15 poisoned darts (quivered)
 s - 475 stones
Armour
 b - a +0 pair of boots (worn)
 c - a +0 buckler (worn)
 e - a +0 cloak (worn)
 f - a +0 plate armour (worn)
 m - a +3 scale mail of poison resistance
 x - a +0 pair of gloves (worn)
 S - a +1 hat
Jewellery
 g - a ring of protection from fire (left hand)
 n - a ring of ice
 u - a ring of fire
 v - a +6 ring of dexterity
 U - a +4 ring of slaying (right hand)
Wands
 i - a wand of iceblast (8)
 j - a wand of polymorph (17)
 p - a wand of paralysis (7)
 q - a wand of flame (63)
Scrolls
 l - 2 scrolls of enchant armour
 o - a scroll of brand weapon
 D - a scroll of blinking
 E - a scroll of fear
 O - a scroll of silence
 X - 6 scrolls of magic mapping {@r4}
 Y - 5 scrolls of teleportation {@r3}
 Z - 2 scrolls of identify {@r1}
Potions
 B - 3 potions of brilliance
 C - a potion of cancellation
 F - 2 potions of resistance
 G - a potion of ambrosia
 I - 2 potions of invisibility
 J - 12 potions of curing {@q1}
 L - 5 potions of flight
 N - 3 potions of heal wounds {@q2}
 Q - 2 potions of magic
 T - a potion of berserk rage


   Skills:
 + Level 11.5 Fighting
 * Level 14.2 Maces & Flails
 + Level 11.5 Armour
 + Level 11.5 Shields


You had 12 spell levels left.
You didn't know any spells.
Your spell library contained the following spells:

 Spells                   Type           Power      Damage    Failure   Level
 Animate Skeleton         Necr           0%         N/A       99%         1
 Apportation              Tloc           0%         N/A       99%         1
 Summon Small Mammal      Summ           0%         N/A       99%         1
 Corpse Rot               Necr/Air       0%         N/A       100%        2
 Poisonous Vapours        Pois/Air       0%         N/A       100%        2
 Static Discharge         Conj/Air       0%         N/A       100%        2
 Gell's Gravitas          Tloc           0%         N/A       100%        3
 Portal Projectile        Hex/Tloc       0%         N/A       100%        3
 Teleport Other           Tloc           0%         N/A       100%        3
 Tukima's Dance           Hex            0%         N/A       100%        3
 Passage of Golubria      Tloc           0%         N/A       100%        4
 Blade Hands              Tmut           0%         N/A       100%        5
 Excruciating Wounds      Necr           0%         N/A       100%        5
 Lightning Bolt           Conj/Air       0%         1d11      100%        5
 Yara's Violent Unravell  Hex/Tmut       0%         3d3       100%        5
 Dispersal                Tloc           0%         N/A       100%        6
 Maxwell's Capacitive Co  Air            0%         ∞         100%        8


Dungeon Overview and Level Annotations

Branches:
Dungeon (11/15)            Temple (0/1) D:7            Lair (4/6) D:8
 Shoals (0/4) Lair:2       Spider (0/4) Lair:2          Orc (0/2) D:10

Altars:
Ashenzari
Cheibriados
Dithmenos
Fedhas
Kikubaaqudgha
Makhleb
Okawaru
Qazlal
Ru
Trog
Xom
Yredelemnul
The Shining One

Shops:
D:3 !   D:6 !   D:7 (   D:10 *=

Annotations:
D:9 1 runed translucent door


Innate Abilities, Weirdness & Mutations

You are immune to sickness and miasma.
Your stone body is resilient. (AC +9)
You are immune to poison.
You resist negative energy. (rN+)
You are resistant to electric shocks. (rElec)
You are resistant to unholy torment.
You are immune to petrification.
You have a pair of small horns on your head.
You are covered in fur. (AC +1)
Your spells are a little easier to cast, but a little less powerful.
You expend magic power (3 MP) to strengthen your wands.


Message History

You are too injured to fight recklessly!
You are too injured to fight recklessly!
You are too injured to fight recklessly!
You puncture the blink frog! You burn the blink frog.
You kill the blink frog!
You start resting.
HP restored.
You see here a blink frog corpse.
There is a stone staircase leading down here.
You climb downwards.
The hell rat roars deafeningly!
You hear a deafening roar!
The hell rat bites you.
There is a stone staircase leading up here.
The komodo dragon bites you!
You climb upwards.
There is a stone staircase leading down here.
You puncture the boulder beetle! You burn the boulder beetle.
The boulder beetle is moderately wounded.
The boulder beetle waves its antennae.
You sock the boulder beetle! You burn the boulder beetle.
You headbutt the boulder beetle, but do no damage.
The boulder beetle is heavily wounded.
The boulder beetle bites you!!
You hit the boulder beetle but do no damage.
You headbutt the boulder beetle, but do no damage.
The boulder beetle is heavily wounded.
The komodo dragon bites you!!
* * * LOW HITPOINT WARNING * * *
The boulder beetle bites you!
* * * LOW HITPOINT WARNING * * *
The hell rat bites you.
* * * LOW HITPOINT WARNING * * *
You sock the boulder beetle! You burn the boulder beetle.
You headbutt the boulder beetle, but do no damage.
The boulder beetle is severely wounded.
The komodo dragon hisses menacingly.
You puncture the boulder beetle! You burn the boulder beetle.
The boulder beetle is almost dead.
The boulder beetle bites you!!
You die...

......###....##....###.#.#
##P...##....##.....###.###
.#####...P........#.##..#
.# #.....P...P...###.##
.#####....#.#.#.#P..#...#
.........#...>...#.....##
..................P....##
.........#.....÷r#......#
.......P..<(.8.l@..P...##
.........#.....B.#.....#
###.##..P.........P....#
###..##..#...<...#.....##
.......P.P#.#.#.#......P#
#..........P...P.......##
#......##P........###..#
............###..## #..#
.........÷.## ##.# #..#


You could see a boulder beetle, a komodo dragon and a hell rat.

Vanquished Creatures
  7 hydras
  3 two-headed ogres (D:11)
  6 elephants (Lair:3)
  2 black mambas
  Maurice (D:10)
  A gargoyle (D:10)
  5 cane toads
  2 rime drakes
  4 komodo dragons
  A troll (D:9)
  A burning bush (Lair:3)
  A polar bear (Lair:3)
  A hornet (D:8)
  12 blink frogs
  18 yaks
  2 wraiths
  Sigmund (D:4)
  Eustachio (D:3)
  3 wyverns
  A basilisk (Lair:1)
  A steam dragon (D:8)
  Grum (D:8)
  2 vampire mosquitoes (D:11)
  A redback (Lair:2)
  An acid dragon (D:10)
  Edmund (D:6)
  9 water moccasins
  An orc warrior (D:10)
  2 ice beasts
  4 ogres
  3 black bears
  5 necrophages
  22 wolves
  A phantom (D:5)
  3 kobold brigands
  8 bullfrogs
  5 scorpions
  A wyvern skeleton (D:7)
  A water moccasin zombie (D:5)
  10 killer bees
  4 howler monkeys
  4 wights (D:10)
  6 centaur zombies
  2 hounds
  2 gnoll shamans
  A jelly (D:7)
  6 orc priests
  Crazy Yiuf (D:6)
  2 iguanas
  2 orc wizards (D:9)
  A hound zombie (D:5)
  A hound skeleton (D:5)
  2 howler monkey zombies
  16 gnolls
  9 adders
  2 shadow imps
  2 white imps
  2 dart slugs
  18 orcs
  8 bats
  8 endoplasms
  A giant cockroach (D:4)
  14 goblins
  6 hobgoblins
  4 jackals
  17 kobolds
  4 ball pythons
  3 frilled lizards (D:1)
  4 rats
307 creatures vanquished.

Vanquished Creatures (others)
  13 fungi
  24 plants
37 creatures vanquished.

Grand Total: 344 creatures vanquished

Notes
Turn   | Place    | Note
-------+----------+-------------------------------------------
     0 | D:1      | Lathuz the Gargoyle Fighter began the quest for the Orb.
     0 | D:1      | Reached XP level 1. HP: 14/14 MP: 1/1
   181 | D:1      | Reached XP level 2. HP: 19/19 MP: 2/2
  1197 | D:2      | Reached XP level 3. HP: 8/23 MP: 3/3
  1577 | D:2      | Found a faded altar of an unknown god.
  1585 | D:2      | Prayed at the altar of an unknown god.
  1585 | D:2      | Became a worshipper of Ashenzari the Shackled
  1594 | D:2      | Fell from the grace of Ashenzari
  1810 | D:2      | Reached skill level 3 in Maces & Flails
  1928 | D:2      | Reached XP level 4. HP: 29/29 MP: 4/4
  2600 | D:2      | Found a snail-covered altar of Cheibriados.
  2903 | D:3      | Found a sacrificial altar of Ru.
  2988 | D:3      | Found a bloodstained altar of Trog.
  3057 | D:3      | Was forgiven by Ashenzari
  3212 | D:3      | Found Pada's Distillery.
  3221 | D:3      | Bought a potion of heal wounds for 65 gold pieces
  3221 | D:3      | Bought a potion of degeneration for 13 gold pieces
  3322 | D:3      | Reached XP level 5. HP: 33/33 MP: 5/5
  3599 | D:3      | Found a burning altar of Makhleb.
  4000 | D:4      | Noticed a necrophage
  4074 | D:4      | Killed a necrophage
  4187 | D:5      | Entered Level 5 of the Dungeon
  4229 | D:4      | Reached skill level 4 in Maces & Flails
  4357 | D:4      | Noticed Eustachio
  5660 | D:3      | Killed Eustachio
  5661 | D:3      | Reached XP level 6. HP: 39/39 MP: 6/6
  5782 | D:4      | Reached XP level 7. HP: 23/44 MP: 7/7
  6018 | D:4      | Reached skill level 5 in Maces & Flails
  6323 | D:4      | Noticed Sigmund
  6334 | D:4      | Killed Sigmund
  6335 | D:4      | Reached skill level 5 in Fighting
  6335 | D:4      | Reached skill level 5 in Armour
  6335 | D:4      | Reached skill level 5 in Shields
  6515 | D:4      | Found an ancient bone altar of Kikubaaqudgha.
  6897 | D:5      | Reached XP level 8. HP: 40/50 MP: 8/8
  6990 | D:5      | Reached skill level 6 in Maces & Flails
  7857 | D:5      | Found a glowing golden altar of the Shining One.
  7865 | D:5      | Became a worshipper of the Shining One
  7892 | D:5      | Found an iron altar of Okawaru.
  8217 | D:6      | Reached skill level 7 in Maces & Flails
  8303 | D:6      | Noticed Edmund
  8321 | D:6      | Killed Edmund
  8322 | D:6      | Reached XP level 9. HP: 7/56 MP: 9/9
  8634 | D:6      | Found a broken altar of Ashenzari.
  8704 | D:6      | Found Nolyi's Distillery.
  8712 | D:6      | Bought a potion of attraction for 36 gold pieces
  8712 | D:6      | Bought a potion of curing for 36 gold pieces
  8713 | D:6      | Gained mutation: Your flesh is cold resistant. (rC+)
                  | [potion of mutation]
  8713 | D:6      | Gained mutation: Your flesh is very cold resistant. (rC++)
                  | [potion of mutation]
  8714 | D:6      | Lost mutation: Your flesh is very cold resistant. (rC++)
                  | [potion of mutation]
  8714 | D:6      | Lost mutation: Your flesh is cold resistant. (rC+) [potion
                  | of mutation]
  8714 | D:6      | Gained mutation: Your muscles are strong. (Str +2) [potion
                  | of mutation]
  8714 | D:6      | Gained mutation: You have a pair of small horns on your
                  | head. [potion of mutation]
  8715 | D:6      | Lost mutation: Your muscles are strong. (Str +2) [potion of
                  | mutation]
  8715 | D:6      | Lost mutation: You have a pair of small horns on your head.
                  | [potion of mutation]
  8715 | D:6      | Gained mutation: You are covered in fur. (AC +1) [potion of
                  | mutation]
  8715 | D:6      | Gained mutation: You expend magic power (3 MP) to
                  | strengthen your wands. [potion of mutation]
  8715 | D:6      | Gained mutation: Your spells are a little easier to cast,
                  | but a little less powerful. [potion of mutation]
  8715 | D:6      | Gained mutation: You have a pair of small horns on your
                  | head. [potion of mutation]
  9067 | D:6      | Noticed a two-headed ogre
  9151 | D:6      | Found a runed translucent door.
  9151 | D:6      | Noticed Crazy Yiuf
  9163 | D:6      | Killed Crazy Yiuf
  9170 | D:6      | Identified the +8 mace of Ruination {venom, rElec Will+}
  9308 | D:6      | Reached skill level 8 in Maces & Flails
  9403 | D:6      | Found a snail-covered altar of Cheibriados.
  9695 | D:7      | You fall into a shaft and drop 1 floor!
  9833 | D:8      | Noticed a hornet
  9863 | D:9      | Reached * piety under the Shining One
  9946 | D:9      | Noticed a troll
 10094 | D:8      | Found a staircase to the Lair.
 10180 | D:8      | Killed a hornet
 10181 | D:8      | Reached skill level 9 in Maces & Flails
 10181 | D:8      | Reached XP level 10. HP: 52/63 MP: 10/10
 10269 | D:8      | Noticed Grum
 10279 | D:8      | Killed Grum
 11288 | D:7      | Found a shadowy altar of Dithmenos.
 11398 | D:7      | Found a staircase to the Ecumenical Temple.
 11446 | D:7      | Found Inuff's Antique Weapon Emporium.
 12026 | D:9      | Found a runed translucent door.
 12026 | D:9      | Noticed a sixfirhy
 12069 | D:9      | Noticed a six-headed hydra
 12083 | D:9      | Killed a six-headed hydra
 12084 | D:9      | Reached skill level 10 in Maces & Flails
 12379 | D:9      | Found a blossoming altar of Fedhas.
 12434 | D:9      | Reached ** piety under the Shining One
 12451 | D:9      | Found a basalt altar of Yredelemnul.
 12562 | D:10     | Entered Level 10 of the Dungeon
 12592 | D:10     | Noticed a gargoyle
 12614 | D:10     | Killed a gargoyle
 12807 | D:10     | Found a shimmering altar of Xom.
 13365 | D:10     | Noticed Maurice
 13381 | D:10     | Killed Maurice
 13382 | D:10     | Reached XP level 11. HP: 66/69 MP: 11/11
 13639 | D:10     | Found Iskiptis's Jewellery Shop.
 13731 | D:10     | Found Doubliam's Assorted Antiques.
 13777 | D:10     | Found a stormy altar of Qazlal.
 13779 | D:10     | Found a staircase to the Orcish Mines.
 14036 | D:11     | Noticed a two-headed ogre
 14070 | D:11     | Killed a two-headed ogre
 14071 | D:11     | Reached skill level 11 in Maces & Flails
 14322 | D:11     | Found the +8 Vampire's Tooth {vamp}
 14448 | D:11     | Noticed an eight-headed hydra
 14457 | D:11     | Killed an eight-headed hydra
 14829 | D:11     | Reached *** piety under the Shining One
 14939 | D:11     | Noticed a two-headed ogre
 14954 | D:11     | Killed a two-headed ogre
 15266 | D:11     | Noticed a two-headed ogre
 15272 | D:11     | Killed a two-headed ogre
 15675 | Lair:1   | Entered Level 1 of the Lair of Beasts
 15759 | Lair:1   | Noticed a seven-headed hydra
 15767 | Lair:1   | Killed a seven-headed hydra
 16126 | Lair:1   | Reached skill level 12 in Maces & Flails
 16183 | Lair:1   | Noticed an eight-headed hydra
 16192 | Lair:1   | Killed an eight-headed hydra
 16372 | Lair:1   | Reached XP level 12. HP: 66/77 MP: 12/12
 16393 | Lair:1   | Reached skill level 10 in Fighting
 16393 | Lair:1   | Reached skill level 10 in Armour
 16393 | Lair:1   | Reached skill level 10 in Shields
 16784 | Lair:2   | Noticed an eight-headed hydra
 16794 | Lair:2   | Killed an eight-headed hydra
 17119 | Lair:2   | Found a staircase to the Shoals.
 17181 | Lair:2   | Found a hole to the Spider Nest.
 17447 | Lair:2   | Reached skill level 13 in Maces & Flails
 17654 | Lair:2   | Noticed a six-headed hydra
 17663 | Lair:2   | Killed a six-headed hydra
 18373 | Lair:3   | Reached **** piety under the Shining One
 18882 | Lair:3   | Reached XP level 13. HP: 78/84 MP: 13/13
 19345 | Lair:3   | Reached skill level 14 in Maces & Flails
 20384 | Lair:3   | Slain by a boulder beetle

Illustrated notes

Levels and vault maps discovered:
D:1:      scummos_arrival_simple_fountains, layout_basic
D:2:      minmay_alternating_diamond, layout_basic,
          shapermc_ecumenical_altar_pompeii, basic_altar
D:3:      layout_basic, mainiacjoe_overflow_alcove_1,
          mainiacjoe_overflow_concentric_impassable,
          nicolae_ru_sacrificial_ziggurat, serial_shops, nicolae_lakefront_shop,
          chequers_serial_rivers_small_3, dk_noncrumbling_4
D:4:      layout_basic, kiku_gazebo_garden_becter, grunt_ministairs_13,
          uniq_sigmund, uniq_eustachio
D:5:      layout_loops_ring, mainiacjoe_overflow_paths,
          kennysheep_okawaru_gauntlet, serial_glass, glass_columns_b,
          glass_columns_b, glass_columns_a, glass_columns_b, glass_columns_a,
          glass_columns_b, feat_on_display, feat_on_display, item_on_display_a
D:6:      layout_loops_ring, evilmike_ruin_ashenzari, kennysheep_slug_shrine,
          serial_shops, shop, minmay_manual_mandibuliform,
          uniq_crazy_yiuf_cottage, uniq_edmund
D:7:      layout_cave_pools, mainiacjoe_overflow_small_starburst,
          minmay_temple_entry_mist, serial_shops, shop
D:8:      layout_layer_cave, lair_entry_dummy, uniq_grum
D:9:      cheibrodos_shockbox, layout_basic, lemuel_coloured_pillars_altar,
          fedhas_altar_fruit_tree
D:10:     layout_big_octagon, amcnicky_altar_gilded, kennysheep_little_box,
          orc_0_dummy, serial_gnoll_camp, gnoll_camp_mini_shop,
          gnoll_camp_mini_loothouse, gnoll_camp_mini_basic,
          gnoll_camp_mini_shop, gnoll_camp_mini_hut, nicolae_twisting_strands,
          minmay_rotating_lava, uniq_maurice
D:11:     layout_stronghold
Lair:1:   layout_chaotic_city, lemuel_fruit_fields, serial_bayou_shore_a
Lair:2:   layout_regular_city, shoals_dummy_entry, spider_nest_entry_rubble
Lair:3:   layout_regular_city, evilmike_ambush [evilmike_ambush_outer_pillars,
          evilmike_ambush_inner_basic]
Lair:4:   layout_cave_shapes, basic_altar, infiniplex_staircase_pool_2,
          grunt_megastairs_3, lemuel_fruit_fields

Skill      XL: |  1  2  3  4  5  6  7  8  9 10 11 12 13 |
---------------+----------------------------------------+-----
Maces & Flails | 3 4 5 7 9 10 12 13 14 | 14.2
Fighting       | 4 5 6 7 8 9 11 | 11.5
Armour         | 4 5 6 7 8 9 11 | 11.5
Shields        | 4 5 6 7 8 9 11 | 11.5

Action                   |  1- 3 |  4- 6 |  7- 9 | 10-12 | 13-15 || total
-------------------------+-------+-------+-------+-------+-------++-------
Melee: Flail             |   118 |   238 |   230 |       |       ||   586
       Mace              |       |       |    80 |   187 |       ||   267
       Headbutt          |       |       |    27 |   129 |    20 ||   176
       Morningstar       |       |       |       |   261 |       ||   261
       Eveningstar       |       |       |       |       |    58 ||    58
Throw: Stone             |    41 |   156 |    51 |    83 |       ||   331
       Boomerang         |       |       |       |    23 |       ||    23
       Dart              |       |       |       |    81 |    27 ||   108
       Throwing net      |       |       |       |     1 |       ||     1
Invok: Renounce Religion |     1 |       |       |       |       ||     1
  Use: Potion            |       |       |     5 |     1 |       ||     6
       Scroll            |       |       |     1 |    13 |     7 ||    21
Armor: Scale mail        |    59 |   298 |    79 |       |       ||   436
       Chain mail        |       |       |    73 |   340 |    52 ||   465
       Plate armour      |       |       |       |       |     9 ||     9
Dodge: Dodged            |    61 |   232 |   116 |   173 |    32 ||   614
Block: Buckler           |    25 |   114 |    74 |   168 |    16 ||   397
